 Dungeon Crawl Stone Soup version 0.24.0-13-gcf9b3192b9 (webtiles) character file.

Game seed: 6958345231241399430, levelgen mode: deterministic

21730 Monsterracer the Cleaver (level 12, -2/112 HPs)
             Began as a Deep Dwarf Fighter on Nov 9, 2019.
             Was a High Priest of Makhleb.
             Slain by an ettin
             ... wielding a +0 great mace
              (47 damage)
             ... on level 1 of the Orcish Mines.
             The game lasted 00:06:41 (8551 turns).

Monsterracer the Cleaver (Deep Dwarf Fighter)       Turns: 8551, Time: 00:06:42

Health: -2/112     AC: 16    Str: 20    XL:     12   Next: 56%
Magic:  9/9        EV:  9    Int: 11    God:    Makhleb [*****.]
Gold:   376        SH: 14    Dex: 17    Spells: 11/11 levels left

rFire    . . .     SeeInvis .   a - +1 war axe
rCold    + . .     Gourm    .   e - +0 shield
rNeg     . . .     Faith    .   q - +1 scale mail "Luuppiy" {+Fly Slay+2}
rPois    +         Spirit   .   E - +3 helmet of the Gloaming {+Fly rPois Str-3 Dex+5}
rElec    .         Reflect  +   (no cloak)
rCorr    .         Harm     .   v - +1 pair of gloves
MR       +....                  (no boots)
Stlth    ..........             F - +2 amulet of reflection
HPRegen  0.00/turn              C - ring of protection from cold
MPRegen  0.11/turn              (no ring)

@: non-regenerating
A: damage resistance, heal wounds, sense surroundings 2, no regeneration
a: Heal Wounds, Minor Destruction, Lesser Servant of Makhleb, Major Destruction,
Greater Servant of Makhleb, Renounce Religion, Evoke Flight


You were on level 1 of the Orcish Mines.
You worshipped Makhleb.
Makhleb was extremely pleased with you.
You were not hungry.

You visited 4 branches of the dungeon, and saw 14 of its levels.

You collected 1079 gold pieces.
You spent 703 gold pieces at shops.

Inventory:

Hand Weapons
 a - a +1 war axe (weapon)
 b - a +2 whip of electrocution
   (You took it off Pikel on level 5 of the Dungeon)
Missiles
 z - 3 throwing nets (quivered) {!f}
Armour
 e - a +0 shield (worn)
 q - the +1 scale mail "Luuppiy" (worn) {+Fly Slay+2}
   (You found it on level 4 of the Dungeon)

   It affects your accuracy and damage with ranged weapons and melee attacks
   (+2).
   It lets you fly.
 v - a +1 pair of gloves (worn)
   (You found it on level 6 of the Dungeon)
 E - the +3 helmet of the Gloaming (worn) {+Fly rPois Str-3 Dex+5}
   (You bought it in a shop on level 10 of the Dungeon)

   It affects your strength (-3).
   It affects your dexterity (+5).
   It protects you from poison.
   It lets you fly.
Jewellery
 o - an uncursed ring of fire
   (You found it on level 2 of the Dungeon)
 C - a ring of protection from cold (left hand)
   (You found it on level 1 of the Dungeon)
 F - a +2 amulet of reflection (around neck)
   (You found it on level 1 of the Lair of Beasts)
 G - an uncursed ring of positive energy {unknown}
   (You found it on level 2 of the Lair of Beasts)
 P - an uncursed ring of poison resistance
   (You found it on level 5 of the Dungeon)
Wands
 y - a wand of acid (6)
   (You found it on level 7 of the Dungeon)
 A - a wand of digging (6)
   (You found it on level 8 of the Dungeon)
Scrolls
 k - a scroll of fear {!r}
 m - 2 scrolls of magic mapping
 p - a scroll of enchant weapon
 s - a scroll of summoning {!r}
 t - 5 scrolls of teleportation {!r}
Potions
 d - 3 potions of heal wounds
 g - a potion of cancellation
 h - 2 potions of degeneration
 i - a potion of berserk rage {!q}
 j - 5 potions of might
 l - 2 potions of mutation {unknown}
 n - 2 potions of lignification
 u - 4 potions of flight
 w - 3 potions of curing
 x - 2 potions of magic {unknown}
 B - a potion of haste {unknown}
 D - 2 potions of agility {unknown}
Comestibles
 c - 19 rations
 f - a chunk of flesh


   Skills:
 + Level 8.6 Fighting
 * Level 13.5 Axes
 + Level 10.2 Armour
 + Level 10.3 Shields
 + Level 8.5 Invocations
 - Level 5.1 Evocations


You had 11 spell levels left.
You didn't know any spells.
Your spell library contained the following spells:

 Spells                   Type           Power        Failure   Level  Hunger
 Magic Dart               Conj           #...         83%         1    ##.....
 Sandblast                Erth           #.....       83%         1    ##.....
 Sting                    Conj/Pois      #...         83%         1    ##.....
 Blink                    Tloc           N/A          93%         2    ###....
 Call Imp                 Summ           #.......     93%         2    ###....
 Passwall                 Tmut/Erth      #.......     93%         2    ###....
 Poisonous Vapours        Pois/Air       #.....       93%         2    ###....
 Slow                     Hex            #.......     93%         2    ###....
 Conjure Flame            Conj/Fire      #.......     99%         3    ####...
 Mephitic Cloud           Conj/Pois/Air  #.......     99%         3    ####...
 Stone Arrow              Conj/Erth      #.....       99%         3    ####...
 Olgreb's Toxic Radiance  Pois           #.......     100%        4    #####..
 Petrify                  Tmut/Erth      #.......     100%        4    #####..
 Lee's Rapid Deconstruct  Erth           #.........   100%        5    ######.
 Venom Bolt               Conj/Pois      #.........   100%        5    ######.
 Freezing Cloud           Conj/Ice/Air   #.........   100%        6    #######
 Ring of Flames           Chrm/Fire      #.........   100%        7    #######


Dungeon Overview and Level Annotations

Branches:
Dungeon (10/15)            Temple (1/1) D:5            Lair (2/6) D:10
    Orc (1/2) D:10
  Swamp: Lair:2-4    Shoals: Lair:2-4     Snake: Lair:2-4    Spider: Lair:2-4

Altars:
Ashenzari
Dithmenos
Elyvilon
Fedhas
Gozag
Hepliaklqana
Kikubaaqudgha
Makhleb
Nemelex Xobeh
Qazlal
Ru
Sif Muna
Trog
Uskayaw
Vehumet
Wu Jian
Xom
Yredelemnul
Zin
The Shining One

Shops:
D:5 =*   D:7 :   D:10 [   Orc:1 !(

Annotations:
D:4 3 runed translucent doors, Vidiiot's ghost, amateur GrEn
D:5 1 runed translucent door, Aviak's ghost, amateur MiFi
Lair:1 exclusion: 2 oklob plants


Innate Abilities, Weirdness & Mutations

You are resistant to damage.
You can heal yourself by infusing magical energy.
You passively map the area around you.
You do not regenerate.


Message History

You block the orc warrior's attack.
There are monsters nearby!
You barely miss the orc warrior.
The orc warrior is severely wounded.
The orc warrior hits you from afar with a +0 halberd.
You block the orc warrior's attack.
You hit the orc warrior but do no damage.
The orc warrior is severely wounded.
You block the orc warrior's attack.
The orc warrior hits you with a +0 war axe.
You slash the orc warrior!
You kill the orc warrior!
Makhleb accepts your kill.
The orc warrior hits you with a +0 halberd.
Items here: )) [ † a +0 leather armour; a +0 club; a +0 dagger; an orc corpse You slice the orc warrior!!
The orc warrior is almost dead.
The orc warrior closely misses you.
An orc warrior is nearby!
You closely miss the orc warrior.
The orc warrior is almost dead.
You block the orc warrior's attack.
You hit the orc warrior but do no damage.
The orc warrior is almost dead.
Your shield and scale mail "Luuppiy" prevent you from hitting the orc warrior.
The orc warrior is almost dead.
You block the orc warrior's attack.
You slice the orc warrior!!
You kill the orc warrior!
Makhleb accepts your kill.
You feel better.
No target in view!
You butcher the orc corpse.
f - 2 chunks of flesh
Items here: )) [ ÷ a +0 leather armour; a +0 club; a +0 dagger; an orc skeleton
Items here: )) [ ÷ a +0 leather armour; a +0 club; a +0 dagger; an orc skeleton Eating one of 2 chunks of flesh.
You eat one of the 2 chunks of flesh.
This raw flesh tastes terrible.
Items here: )))) [ ††† No target in view!
No target in view!
No target in view!
No target in view!
No target in view!
No target in view!
No target in view!
No target in view!
No target in view!
No target in view!
Things that are here:
a +0 short sword; a +0 chain mail; an orc corpse
Things that are here:
a +0 flail; a +0 chain mail; an orc corpse
Things that are here:
a +0 club; an orc corpse You now have 353 gold pieces (gained 7).
Things that are here:
a +0 war axe; a +0 plate armour; an orc corpse
Things that are here:
a +0 halberd; a +0 plate armour You now have 364 gold pieces (gained 11).
Things that are here:
a +0 short sword; a +0 chain mail; an orc corpse
Things that are here:
a +0 flail; a +0 chain mail; an orc corpse You now have 376 gold pieces (gained 12).
Found Inoakh's Distillery.
No target in view!
No target in view!
No target in view!
No target in view!
No target in view!
There is an entrance to Inoakh's Distillery here.
You can access your shopping list by pressing '$'.
An ettin comes into view.
It is wielding a +0 great mace and a +0 dire flail.
The ettin shouts in stereo!
An ettin is nearby!
The ettin barely misses you. You block the ettin's attack.
You hit the ettin.
The ettin is lightly wounded.
The ettin hits you with a +0 great mace!
You block the ettin's attack.
You hit the ettin but do no damage.
The ettin is lightly wounded.
An ettin is nearby!
Your shield and scale mail "Luuppiy" prevent you from hitting the ettin.
The ettin is lightly wounded.
The ettin hits you with a +0 great mace!!!
* * * LOW HITPOINT WARNING * * *
You block the ettin's attack.
You are too injured to fight recklessly!
You are too injured to fight recklessly!
You are too injured to fight recklessly!
You are too injured to fight recklessly!
You feel much better.
The ettin hits you with a +0 great mace!!!
You die...

.#.......#......#
............##.##
............#### ...........##
### .......#.##.####.## ###,
..#...####...##...###... > *
#.#...# ##.##....#.....
......## #...##.C....... , ,
.......####.## #@......$ , * *
........###.## #........ ,
....##..##...###.......##*
.....#......###.....#.#.#####
......#.#..## #..........##.##
.....#......###.......#.#....#
........#...##..............##
................).....#.#..##
..>......#....))#..........####


You could see an ettin.

Vanquished Creatures
  Gastronok (Lair:1)
  Harold (D:8)
  A hydra (Lair:1)
  A two-headed ogre (D:10)
  A death drake (shapeshifter) (D:10)
  A wizard (D:9)
  Pikel (D:5)
  A black mamba (Lair:1)
  5 spiny frogs (Lair:1 Lair:2)
  2 rime drakes (Lair:1 Lair:2)
  2 komodo dragons (Lair:1 Lair:2)
  3 trolls (D:10 Orc:1)
  Grinder (D:3)
  3 blink frogs (Lair:1)
  8 hippogriffs (D:7 D:8 D:9 Lair:1)
  A wyvern (D:9)
  A wraith (D:10)
  A human (D:8)
  23 yaks (D:9 Lair:1)
  Grum (Lair:1)
  A hungry ghost (D:10)
  4 wargs (D:10 Orc:1)
  3 water moccasins (D:6 D:10 Lair:1)
  8 orc warriors (D:9 D:10 Orc:1)
  3 porcupines (D:10 Lair:1)
  5 black bears (D:8 D:9 D:10 Lair:1)
  2 ice beasts (D:8 D:9)
  A necrophage (D:8)
  2 sky beasts (D:9 D:10)
  3 ogres (D:5 D:6 Orc:1)
  An eye of draining (D:10)
  2 phantoms (D:4)
  3 centaurs (D:7 D:8 D:10)
  9 wolves (Lair:1)
  3 big kobolds (D:8 D:9 D:10)
  6 bullfrogs (D:7 D:8 D:10 Lair:1)
  2 gnoll sergeants (D:9)
  3 scorpions (D:5 D:8 D:9)
  An electric eel (Lair:1)
  A howler monkey (D:6)
  3 jellies (D:4 D:10)
  4 crimson imps (D:5 D:6 D:7 D:8)
  A centaur zombie (D:8)
  6 hounds (D:4 D:6 D:9 D:10)
  4 orc priests (D:8 D:9 Orc:1)
  A gnoll shaman (D:6)
  10 orc wizards (D:6 D:8 D:9 Orc:1)
  2 bullfrog skeletons (D:4 D:9)
  3 centaur skeletons (D:4 D:7)
  Ijyb (D:5)
  Natasha (thrice) (D:2)
  2 iguanas (D:5 D:9)
  8 worker ants (D:4 D:5 D:8 D:9)
  A killer bee zombie (D:7)
  A hound skeleton (D:6)
  10 adders (D:2 D:4 D:5 D:9)
  13 gnolls (D:6 D:9)
  An adder skeleton (D:10)
  2 dart slugs (D:1 D:2)
  4 worms (D:2 D:3 D:4 D:6)
  6 leopard geckos (D:1 D:2 D:5 D:9)
  36 orcs (D:4 D:6 D:7 D:8 D:9)
  3 giant cockroaches (D:1 D:2)
  5 goblins (D:1 D:2 D:3)
  9 hobgoblins (D:1 D:2 D:3)
  11 jackals (D:4 D:6 D:7)
  6 quokkas (D:2 D:4 D:5 D:6)
  A ball python (D:2)
  11 bats (D:1 D:2 D:3)
  3 frilled lizards (D:2 D:3 D:4)
  17 kobolds (D:2 D:3 D:8 D:9 D:10)
  2 quokka skeletons (D:6 D:9)
  8 rats (D:1 D:2 D:3)
  2 plants (D:10 Lair:1)
322 creatures vanquished.

Vanquished Creatures (others)
  Joseph (D:8)
  A porcupine (D:10)
  A bullfrog (D:10)
  A hound (D:8)
  3 plants (D:10 Lair:1)
  A withered plant (D:5)
8 creatures vanquished.

Grand Total: 330 creatures vanquished

Notes
Turn   | Place    | Note
-------+----------+-------------------------------------------
     0 | D:1      | Monsterracer the Deep Dwarf Fighter began the quest for the
                  | Orb.
     0 | D:1      | Reached XP level 1. HP: 20/20 MP: 1/1
   177 | D:1      | Reached XP level 2. HP: 27/27 MP: 2/2
   874 | D:2      | Noticed Natasha
   883 | D:2      | HP: 9/27 [Natasha (5)]
   883 | D:2      | HP: 4/27 [rat (1)]
   887 | D:2      | Killed Natasha
   887 | D:2      | Reached skill level 3 in Axes
   887 | D:2      | Reached XP level 3. HP: 27/34 MP: 3/3
   947 | D:2      | Noticed Natasha
   953 | D:2      | HP: 17/34 [white imp/puff of frost[Natasha] (2)]
   957 | D:2      | Reached XP level 4. HP: 39/42 MP: 4/4
   958 | D:2      | Killed Natasha
  1026 | D:2      | Reached skill level 1 in Evocations
  1144 | D:2      | Noticed Natasha
  1159 | D:2      | Killed Natasha
  1159 | D:2      | Reached XP level 5. HP: 29/49 MP: 4/6
  1260 | D:2      | HP: 24/49 [adder (2)]
  1266 | D:2      | Reached skill level 4 in Axes
  1332 | D:2      | Found a faded altar of an unknown god.
  1594 | D:3      | Noticed Grinder
  1594 | D:3      | Paralysed by Grinder for 2 turns
  1608 | D:3      | Killed Grinder
  1608 | D:3      | Reached XP level 6. HP: 31/57 MP: 7/7
  2078 | D:4      | Found a runed translucent gate.
  2078 | D:4      | Found a runed translucent gate.
  2078 | D:4      | Found a runed translucent gate.
  2086 | D:4      | Noticed Vidiiot's ghost (amateur GrEn)
  2108 | D:4      | Reached skill level 5 in Axes
  2236 | D:4      | Reached XP level 7. HP: 53/63 MP: 9/9
  2375 | D:4      | Reached skill level 5 in Shields
  2400 | D:4      | Found a white marble altar of Elyvilon.
  2527 | D:4      | Got an ancient scale mail
  2557 | D:4      | HP: 32/64 [acid (5)]
  2565 | D:4      | Reached skill level 5 in Armour
  2578 | D:4      | Identified the +1 scale mail "Luuppiy" {+Fly Slay+2} (You
                  | found it on level 4 of the Dungeon)
  2913 | D:5      | Entered Level 5 of the Dungeon
  2913 | D:5      | Found a staircase to the Ecumenical Temple.
  2918 | D:5      | HP: 30/64 [ogre/+0 giant club (19)]
  2920 | D:5      | Reached skill level 6 in Axes
  2933 | Temple   | Entered the Ecumenical Temple
  3008 | Temple   | Became a worshipper of Makhleb the Destroyer
  3040 | D:5      | Noticed Ijyb
  3051 | D:5      | Killed Ijyb
  3096 | D:5      | Found Atrel's Jewellery Boutique.
  3178 | D:5      | Reached XP level 8. HP: 71/73 MP: 9/9
  3242 | D:5      | Found Iiahow's Incredible Inventory.
  3334 | D:5      | Noticed Pikel
  3351 | D:5      | Killed Pikel
  3351 | D:5      | Reached skill level 7 in Axes
  3351 | D:5      | Reached skill level 5 in Evocations
  3372 | D:5      | Found a runed translucent door.
  3372 | D:5      | Noticed Aviak's ghost (amateur MiFi)
  3732 | D:6      | Found an ancient bone altar of Kikubaaqudgha.
  3820 | D:6      | Reached skill level 5 in Fighting
  3876 | D:6      | Reached * piety under Makhleb
  3981 | D:6      | Reached skill level 8 in Axes
  3981 | D:6      | Gained mutation: You passively map the area around you.
                  | [Deep Dwarf growth]
  3981 | D:6      | Reached XP level 9. HP: 48/81 MP: 10/10
  4325 | D:7      | Found a shattered altar of Ashenzari.
  4345 | D:7      | Found Ibushrel's Book Shoppe.
  4438 | D:7      | Found a hazy altar of Hepliaklqana.
  4825 | D:8      | Reached ** piety under Makhleb
  4877 | D:8      | Found a shimmering blue altar of Sif Muna.
  4908 | D:8      | Noticed Joseph
  4915 | D:8      | HP: 38/82 [Joseph/+0 quarterstaff (6)]
  4919 | D:8      | Killed Joseph
  4919 | D:8      | Reached skill level 9 in Axes
  4967 | D:8      | HP: 39/82 [orc wizard/magic dart (3)]
  4972 | D:8      | Found a bloodstained altar of Trog.
  5089 | D:8      | Noticed Harold
  5102 | D:8      | Killed Harold
  5102 | D:8      | Reached skill level 10 in Axes
  5102 | D:8      | Reached XP level 10. HP: 81/91 MP: 9/9
  5552 | D:9      | Reached *** piety under Makhleb
  5659 | D:9      | Noticed a wizard
  5678 | D:9      | Paralysed by a wizard for 6 turns
  5681 | D:9      | HP: 41/92 [wizard/orb of energy (6)]
  5687 | D:9      | Killed a wizard
  5687 | D:9      | Reached skill level 11 in Axes
  5751 | D:9      | Found a shadowy altar of Dithmenos.
  5988 | D:10     | Entered Level 10 of the Dungeon
  6063 | D:10     | Noticed a death drake
  6063 | D:10     | a yaktaur changed into a death drake
  6106 | D:10     | Killed a death drake
  6106 | D:10     | Reached skill level 5 in Invocations
  6106 | D:10     | Reached XP level 11. HP: 73/99 MP: 9/9
  6132 | D:10     | Found Sabel's Antique Armour Shop.
  6163 | D:10     | Bought a distressingly furry helmet for 361 gold pieces
  6198 | D:10     | Found a staircase to the Lair.
  6457 | D:10     | Noticed a two-headed ogre
  6463 | D:10     | HP: 48/99 [two-headed ogre/cursed -2 giant club (10)]
  6468 | D:10     | HP: 38/100 [two-headed ogre/cursed -2 giant club (21)]
  6472 | D:10     | Killed a two-headed ogre
  6501 | D:10     | Reached **** piety under Makhleb
  6550 | D:10     | Found a staircase to the Orcish Mines.
  6992 | Lair:1   | Entered Level 1 of the Lair of Beasts
  7002 | Lair:1   | HP: 50/100 [yak (5)]
  7010 | Lair:1   | HP: 47/100 [rime drake/flash freeze (26)]
  7023 | Lair:1   | Reached skill level 12 in Axes
  7050 | Lair:1   | Noticed an oklob plant
  7050 | Lair:1   | Noticed an oklob plant
  7070 | Lair:1   | HP: 47/100 [black mamba (12)]
  7075 | Lair:1   | HP: 46/102 [poisoned by a black mamba]
  7080 | Lair:1   | HP: 47/102 [poisoned by a black mamba]
  7093 | Lair:1   | Noticed Grum
  7097 | Lair:1   | HP: 40/102 [spiny frog (15)]
  7102 | Lair:1   | HP: 49/102 [spiny frog (17)]
  7108 | Lair:1   | HP: 48/102 [electric eel/bolt of electricity (6)]
  7113 | Lair:1   | HP: 49/102 [spiny frog (15)]
  7119 | Lair:1   | HP: 49/102 [Grum/+0 spear (8)]
  7138 | Lair:1   | Killed Grum
  7223 | Lair:1   | Reached ***** piety under Makhleb
  7250 | Lair:1   | Noticed Gastronok
  7257 | Lair:1   | HP: 50/103 [hippogriff (5)]
  7262 | Lair:1   | HP: 28/103 [hippogriff (1)]
  7270 | Lair:1   | HP: 50/103 [Gastronok (6)]
  7276 | Lair:1   | Killed Gastronok
  7276 | Lair:1   | Reached XP level 12. HP: 80/110 MP: 9/9
  7295 | Lair:1   | Identified the +3 helmet of the Gloaming {+Fly rPois Str-3
                  | Dex+5} (You bought it in a shop on level 10 of the Dungeon)
  7380 | Lair:1   | Reached skill level 13 in Axes
  7450 | Lair:1   | HP: 55/111 [blink frog (11)]
  7452 | Lair:1   | Reached skill level 10 in Shields
  7510 | Lair:1   | Noticed a four-headed hydra
  7517 | Lair:1   | HP: 50/112 [seven-headed hydra (10)]
  7523 | Lair:1   | HP: 51/112 [seven-headed hydra (7)]
  7527 | Lair:1   | Killed a seven-headed hydra
  7527 | Lair:1   | Reached skill level 10 in Armour
  7850 | Lair:1   | You fall into a shaft and drop 1 floor!
  7929 | Lair:2   | HP: 49/112 [rime drake/flash freeze (13)]
  7972 | Lair:2   | HP: 51/112 [spiny frog (13)]
  8105 | D:10     | Bought a polished scale mail for 342 gold pieces
  8115 | D:10     | Identified the cursed +1 scale mail of Pleasant Breezes
                  | {rF+ rC- rN+ rCorr} (You bought it in a shop on level 10 of
                  | the Dungeon)
  8182 | Orc:1    | Entered Level 1 of the Orcish Mines
  8189 | Orc:1    | HP: 56/112 [troll (7)]
  8301 | Orc:1    | Found Havuupi's Weapon Shop.
  8440 | Orc:1    | Found Inoakh's Distillery.
  8544 | Orc:1    | Noticed an ettin
  8550 | Orc:1    | HP: 16/112 [ettin/+0 great mace (44)]
  8551 | Orc:1    | Slain by an ettin

Levels and vault maps discovered:
D:1:      minmay_arrival_doors, layout_loops_corners, minivault_26
D:2:      layout_basic, chequers_ecumenical_altar_island, uniq_natasha
D:3:      layout_loops_cross, uniq_grinder
D:4:      minmay_recursive_quarters, layout_basic, first_ration,
          ebering_ghost_rock_garden, minmay_misc_feat_x, elyvilon_altar_5
D:5:      layout_rooms, minmay_temple_entry_arrows, serial_shops, shop,
          gammafunk_ghost_grave, nrook_mini_vaults, nicolae_alphabet_shops,
          minmay_misc_feat_five, serial_bayou_ford_a, uniq_ijyb, uniq_pikel
D:6:      layout_loops_ring, nicolae_overflow_hidden_temple
D:7:      layout_loops_cross, lemuel_doored_altar, old_standard_altar,
          serial_shops, shop
D:8:      layout_cave_pools, basic_altar, grunt_pizzeria, trog_ov_bears_minmay,
          uniq_joseph, uniq_harold
D:9:      layout_roguey, nicolae_dithmenos_the_darkroom
D:10:     layout_loops_corners, grunt_lair_entry_orc_guard_hut,
          minmay_orc_entry_guard_dogs, serial_shops, shop
Temple:   eino_narrow_crystal_temple
Lair:1:   layout_chaotic_city, minmay_lair_oklob_chamber, serial_bayou_shore_a,
          infiniplex_staircase_pool, uniq_gastronok, uniq_grum
Lair:2:   layout_chaotic_city, serial_bayou_shore_b, grunt_megastairs_4
Orc:1:    layout_caves, serial_shops, shop, nicolae_shop_crystal

Skill      XL: |  1  2  3  4  5  6  7  8  9 10 11 12 |
---------------+-------------------------------------+-----
Fighting       | 3 4 5 6 7 8 |  8.6
Axes           | 3 4 5 6 8 10 11 12 13 | 13.5
Evocations     | 1 2 3 4 5 |  5.1
Armour         | 4 5 6 7 8 9 10 | 10.2
Shields        | 4 5 6 7 8 9 10 | 10.3
Invocations    | 2 5 7 8 |  8.5

Action                   |  1- 3 |  4- 6 |  7- 9 | 10-12 || total
-------------------------+-------+-------+-------+-------++-------
Melee: War axe           |    87 |   137 |   319 |   649 ||  1192
       Whip              |       |       |       |     9 ||     9
Throw: Throwing net      |       |       |       |     1 ||     1
 Abil: Heal Wounds       |     2 |     2 |     9 |    29 ||    42
Evoke: Wand              |       |       |     1 |     2 ||     3
  Use: Scroll            |       |     8 |     5 |     8 ||    21
       Potion            |       |       |       |     1 ||     1
 Stab: Held in net/web   |       |       |       |     1 ||     1
  Eat: Chunk             |       |     5 |     9 |    13 ||    27
       Ration            |       |       |       |     1 ||     1
Armor: Scale mail        |    49 |    68 |   140 |   350 ||   607
Dodge: Dodged            |    55 |    43 |    89 |   241 ||   428
Block: Shield            |    57 |    80 |   188 |   540 ||   865
